 Dungeon Crawl Stone Soup version 0.24-a0-652-g46ecf6da75 (webtiles) character file.

Game seed: 7347240523266701504, levelgen mode: deterministic

1660 Marnok the Thaumaturge (level 8, -3/43 HPs)
             Began as a Deep Elf Wizard on Sept 26, 2019.
             Slain by a quokka (4 damage)
             ... on level 7 of the Dungeon.
             The game lasted 00:33:25 (7231 turns).

Marnok the Thaumaturge (Deep Elf Wizard)            Turns: 7231, Time: 00:33:25

Health: -3/43      AC: 10    Str: 13    XL:     8   Next: 68%
Magic:  23/23      EV: 11    Int: 26    God:
Gold:   223        SH:  0    Dex: 13    Spells: 19/25 levels left

rFire    . . .     SeeInvis .   v - +11 short sword of Yhaul {pierce, Fragile rN+ Str+9}
rCold    + . .     Gourm    .   (no shield)
rNeg     + . .     Faith    .   o - +1 scale mail {rC+}
rPois    .         Spirit   .   b - +0 hat
rElec    .         Reflect  .   (no cloak)
rCorr    .         Harm     .   D - +0 pair of gloves
MR       +....                  e - +0 pair of boots
Stlth    +.........             h - amulet of magic regeneration
HPRegen  0.14/turn              m - ring of protection from magic
MPRegen  0.43/turn              (no ring)

@: about to teleport
A: no striking features
a: no special abilities


You were on level 7 of the Dungeon.
You were not hungry.

You visited 1 branch of the dungeon, and saw 7 of its levels.
You also visited: Sewer.

You collected 223 gold pieces.

Inventory:

Hand Weapons
 i - a +0 whip
 r - a +1 war axe
 v - the +11 short sword of Yhaul (weapon) {pierce, Fragile rN+ Str+9}
   (You found it on level 4 of the Dungeon)

   It inflicts extra damage upon your enemies.
   It affects your strength (+9).
   It protects you from negative energy.
   It will be destroyed if unequipped.
 H - a +0 whip
 M - a +1 flail of crushing
 N - a +2 trident of venom
Missiles
 f - 38 sling bullets
 q - 6 boomerangs (quivered)
Armour
 a - a +0 robe
 b - a +0 hat (worn)
 e - a +0 pair of boots (worn)
 o - a +1 scale mail of cold resistance (worn)
 D - a +0 pair of gloves (worn)
 G - a +0 robe
Jewellery
 g - an uncursed ring of protection from cold
 h - an amulet of magic regeneration (around neck)
 m - a ring of protection from magic (left hand)
 n - an uncursed amulet of harm {unknown}
 w - an uncursed amulet of rage {unknown}
 I - an uncursed amulet of harm {unknown}
Scrolls
 j - 3 scrolls of identify
 p - a scroll of teleportation
 s - 2 scrolls of fear {unknown}
 x - 3 scrolls of blinking {unknown}
 y - a scroll of remove curse
 A - a scroll of noise {unknown}
 C - a scroll of amnesia {unknown}
 F - a scroll of fog {unknown}
 L - a scroll of enchant weapon
Potions
 c - 2 potions of curing
 k - 3 potions of invisibility
 l - 3 potions of magic
 t - 3 potions of resistance
 u - 2 potions of cancellation
 z - a potion of agility {unknown}
 B - a potion of brilliance {unknown}
 E - a potion of mutation {unknown}
 K - a potion of berserk rage {unknown}
Comestibles
 d - 14 rations
 J - 2 chunks of flesh


   Skills:
 + Level 1.5 Fighting
 + Level 3.2 Short Blades
 + Level 3.1 Armour
 + Level 4.5 Dodging
 + Level 4.1 Stealth
 + Level 9.0 Spellcasting
 + Level 6.0 Conjurations
 + Level 1.7 Summonings
 + Level 1.5 Necromancy
 + Level 1.1 Translocations


You had 19 spell levels left.
You knew the following spells:

 Your Spells              Type           Power        Failure   Level  Hunger
a - Magic Dart            Conj           ####         1%          1    None
b - Call Imp              Summ           ###.....     17%         2    None
c - Animate Skeleton      Necr           N/A          12%         1    None
d - Blink                 Tloc           N/A          22%         2    None

Your spell library contained the following spells:

 Spells                   Type           Power        Failure   Level  Hunger
 Summon Small Mammal      Summ           ###.         11%         1    None
 Apportation              Tloc           ###...       14%         1    None
 Conjure Flame            Conj/Fire      ####....     21%         3    None
 Confusing Touch          Hex            ##....       22%         1    None
 Mephitic Cloud           Conj/Pois/Air  ###.....     30%         3    None
 Slow                     Hex            ##......     34%         2    None


Dungeon Overview and Level Annotations

Branches:
Dungeon (7/15)              Sewer (visited)
 Temple: D:4-7

Altars:
Cheibriados
Hepliaklqana
Kikubaaqudgha
Makhleb
Nemelex Xobeh

Annotations:
D:7 Joseph


Message History

Joseph is heavily wounded.
The quokka barely misses you.
You closely miss Joseph.
Joseph is heavily wounded.
Joseph hits you with a +0 quarterstaff. The quokka misses you.
You hit Joseph.
Joseph is heavily wounded.
Joseph hits you with a +0 quarterstaff!
* * * LOW HITPOINT WARNING * * *
The quokka barely misses you.
As you read the scroll of teleportation, it crumbles to dust.
You feel strangely unstable. The quokka completely misses you.
Joseph hits you with a +0 quarterstaff.
* * * LOW HITPOINT WARNING * * *
You feel better. The quokka bites you.
* * * LOW HITPOINT WARNING * * *
Joseph hits you with a +0 quarterstaff.
* * * LOW HITPOINT WARNING * * *
The quokka bites you.
You die...

#+#####..#....#######
.....##..#....#.....#
....)##..#....#.....#
.........#....#.....#
#######..#....#.....###'
......#..'....'.....'...
......#..#....#.....#.
......#..#....#.@##.#
......#..#....#.@##.#####
......#..#....#.r........
......#..#....#..........
......)..#....#(.#######.
......#..#....#'##
......#..#........#
#######..#........#
#..#........#
####........#


You could see Joseph and a quokka.

Vanquished Creatures
  An orc warrior (D:7)
  2 ice beasts
  An ogre (D:4)
  A centaur (D:6)
  4 big kobolds (Sewer)
  Blork the orc (D:5)
  2 crimson imps
  A quasit (D:6)
  3 centaur skeletons
  2 hounds
  3 orc priests
  An orc wizard (D:6)
  3 worker ants
  Terence (D:3)
  A hound skeleton (D:3)
  Robin (D:3)
  17 adders
  3 river rats (Sewer)
  A shadow imp (D:6)
  3 oozes (Sewer)
  An adder skeleton (D:6)
  4 worms
  A dart slug (D:1)
  A leopard gecko (D:7)
  16 orcs
  7 bats
  11 giant cockroaches
  12 goblins
  7 hobgoblins
  5 jackals (D:2)
  A quokka (D:3)
  3 ball pythons
  6 frilled lizards
  11 kobolds
  A leopard gecko skeleton (D:4)
  7 rats
146 creatures vanquished.

Vanquished Creatures (collateral kills)
  An ice beast (D:7)
  A worm (D:2)
  An orc (D:6)
  A giant cockroach (D:2)
  2 jackals (D:2)
  A kobold (D:2)
7 creatures vanquished.

Grand Total: 153 creatures vanquished

Notes
Turn   | Place    | Note
-------+----------+-------------------------------------------
     0 | D:1      | Marnok the Deep Elf Wizard began the quest for the Orb.
     0 | D:1      | Reached XP level 1. HP: 10/10 MP: 7/7
     3 | D:1      | Noticed an electric eel
     3 | D:1      | Noticed an electric eel
   464 | D:1      | Reached XP level 2. HP: 15/15 MP: 7/9
  1022 | D:2      | Reached skill level 5 in Spellcasting
  1037 | D:3      | Noticed an ice beast
  1104 | D:2      | Reached XP level 3. HP: 17/19 MP: 3/11
  1112 | D:2      | Learned a level 2 spell: Call Imp
  1493 | D:2      | Reached XP level 4. HP: 24/24 MP: 5/13
  2528 | D:3      | Reached XP level 5. HP: 28/28 MP: 11/15
  2715 | D:4      | Got an encrusted short sword
  2716 | D:4      | Identified the +11 short sword of Yhaul {pierce, Fragile
                  | rN+ Str+9} (You found it on level 4 of the Dungeon)
  2725 | D:4      | Reached skill level 6 in Spellcasting
  2760 | D:3      | Noticed Robin
  2779 | D:3      | Noticed Terence
  2781 | D:3      | Killed Robin
  3034 | D:3      | Killed Terence
  3454 | D:3      | Killed an ice beast
  3454 | D:3      | Reached XP level 6. HP: 33/33 MP: 14/17
  3750 | D:4      | Reached skill level 1 in Short Blades
  3998 | D:5      | Entered Level 5 of the Dungeon
  4096 | D:5      | Found a glowing drain.
  4105 | Sewer    | Entered a sewer
  4164 | Sewer    | Reached skill level 1 in Armour
  4210 | Sewer    | Reached XP level 7. HP: 29/37 MP: 19/19
  4240 | Sewer    | Reached skill level 7 in Spellcasting
  4852 | D:4      | Reached skill level 1 in Fighting
  4940 | D:4      | Found an ancient bone altar of Kikubaaqudgha.
  5253 | D:5      | Noticed Blork the orc
  5261 | D:5      | Killed Blork the orc
  5261 | D:5      | Reached skill level 5 in Conjurations
  5512 | D:5      | Found a sparkling altar of Nemelex Xobeh.
  5631 | D:5      | Found a hazy altar of Hepliaklqana.
  5891 | D:6      | Reached XP level 8. HP: 43/43 MP: 17/21
  5936 | D:6      | Learned a level 1 spell: Animate Skeleton
  5939 | D:6      | Learned a level 2 spell: Blink
  5951 | D:6      | Found a burning altar of Makhleb.
  5977 | D:6      | Reached skill level 8 in Spellcasting
  6481 | D:6      | Reached skill level 1 in Necromancy
  6548 | D:6      | Found a snail-covered altar of Cheibriados.
  7071 | D:7      | Reached skill level 9 in Spellcasting
  7213 | D:7      | Noticed Joseph
  7231 | D:7      | HP: 1/43 [Joseph/+0 quarterstaff (5)]
  7231 | D:7      | Slain by a quokka

Levels and vault maps discovered:
D:1:      arrival_aquarium_b, layout_loops_ring
D:2:      layout_basic
D:3:      wad_pebble_path, layout_loops_corners, uniq_robin, uniq_terence
D:4:      layout_loops_corners, kennysheep_mini, first_ration, st_stairs_6
D:5:      layout_basic, nemelex_xobeh_ov_fountains_minmay, lemuel_doored_altar,
          gup_sewer_entry_pipe, uniq_blork_the_orc
D:6:      layout_loops_ring, lemuel_round_altar, bloody_makhleb
D:7:      layout_gridville, lemuel_crystal_altar,
          minmay_temple_entry_antechambers, grunt_ogre_cave, trog_hazing_becter,
          uniq_joseph

Skill      XL: |  1  2  3  4  5  6  7  8 |
---------------+-------------------------+-----
Spellcasting   | 5 6 7 9 |  9.0
Dodging        | 3 4 |  4.5
Stealth        | 3 4 |  4.1
Conjurations   | 2 3 4 5 6 |  6.0
Short Blades   | 1 2 3 |  3.2
Armour         | 1 2 3 |  3.1
Fighting       | 1 |  1.5
Necromancy     | 1 |  1.5
Summonings     | |  1.7
Translocations | |  1.1

Action                   |  1- 3 |  4- 6 |  7- 9 || total
-------------------------+-------+-------+-------++-------
Melee: Unarmed           |     7 |       |       ||     7
       Whip              |    15 |    18 |       ||    33
       Short sword       |       |    95 |   108 ||   203
 Cast: Magic Dart        |    76 |    85 |   126 ||   287
       Call Imp          |     2 |     5 |       ||     7
       Animate Skeleton  |       |       |    10 ||    10
  Use: Scroll            |     3 |     4 |     1 ||     8
       Potion            |     1 |     5 |     2 ||     8
  Eat: Chunk             |     2 |     7 |    11 ||    20
Armor: Robe              |     8 |    16 |       ||    24
       Scale mail        |       |    21 |    37 ||    58
Dodge: Dodged            |    40 |    83 |    46 ||   169

Table legend:
 A = Non-vault XP
 B = Vault XP
 C = Vault XP percentage of total XP
 D = Non-vault monster count
 E = Vault monster count
 F = Vault count percentage of total count
                 A         B        C        D         E       F
            +---------+---------+-------+---------+---------+-------
      Total |    1669 |     703 |  29.6 |     106 |      47 |  30.7
            +---------+---------+-------+---------+---------+-------
        D:1 |      20 |       0 |   0.0 |      13 |       0 |   0.0
        D:2 |     150 |       0 |   0.0 |      30 |       0 |   0.0
        D:3 |     217 |      65 |  23.0 |      18 |      11 |  37.9
        D:4 |     224 |       8 |   3.4 |       6 |       4 |  40.0
        D:5 |      55 |     100 |  64.5 |       3 |       4 |  57.1
        D:6 |     667 |       0 |   0.0 |      27 |       0 |   0.0
        D:7 |     336 |       0 |   0.0 |       9 |       0 |   0.0
      Sewer |       0 |     530 | 100.0 |       0 |      28 | 100.0
            +---------+---------+-------+---------+---------+-------
